[Event "Late-Titled-Tuesday-Blitz-September-05-2023"]
[Site "Chess.com"]
[Date "2023.09.05"]
[Round "9"]
[White "FaustinoOro"]
[Black "Leo_C"]
[Result "1-0"]
[WhiteElo "2848"]
[BlackElo "2642"]
[TimeControl "180+1"]
[EndTime "15:45:58 PDT"]
[Termination "FaustinoOro won by checkmate"]

1. e4 c5 2. Nf3 e6 3. d4 cxd4 4.
Nxd4 Nf6 5. Nc3 Nc6 6. Ndb5 d6 7. Bf4 e5 8. Bg5 a6 9. Na3 b5 10. Bxf6 gxf6 11. Nd5 f5 12. exf5 Bxf5 13. Bd3 Be6 14. Be4 Rc8 15. O-O Bg7 16. Qh5 Ne7 17. Nxe7 Qxe7 18.
c3 d5 19. Bf5 Bxf5 20. Qxf5 O-O 21. Rad1 b4 22. Nb1 Rcd8 23. Rfe1 a5 24. Rd3 Qe6 25.
Qg5 Qg6 26. Qd2 d4 27. cxd4 Rxd4 28. Rxd4 exd4 29. Qd1 d3 30. Re3 Rd8 31. Nd2 Kh8 32.
b3 Qf6 33. Nc4 Qd4 34. Re1 Bh6 35. Qh5 Bg7 36. Rd1 Qc3 37. h3 Qc2 38. Ne3 Qc7 39. Nf5 Qe5 40. Qg5 Rd7 41. Qg4 Rd8 42. Ne3 Qe6 43. Qf3 Be5 44. Nc4 Bf6 45. Rxd3 Rxd3 46.
Qxd3 Qe1+ 47. Kh2 Qxf2 48. Qd6 Qf5 49. Qf8# 1-0

[Event "Late-Titled-Tuesday-Blitz-September-05-2023"]
[Site "Chess.com"]
[Date "2023.09.05"]
[Round "9"]
[White "HansOnTwitch"]
[Black "Sibelephant"]
[Result "1-0"]
[WhiteElo "3019"]
[BlackElo "3093"]
[TimeControl "180+1"]
[EndTime "15:46:00 PDT"]
[Termination "HansOnTwitch won on time"]

1. e4 c6 2. d4 d5 3. e5 Bf5 4.
Nf3 e6 5. Be2 c5 6. c3 Nc6 7.
O-O Bg6 8. Nbd2 Rc8 9. Nb3 c4 10.
Nbd2 b5 11. a3 Be7 12. b4 a5 13. Re1 Nh6 14. Nf1 Nf5 15. g4 Nh4 16. Nxh4 Bxh4 17.
Ng3 O-O 18. f4 f6 19. exf6 gxf6 20. Bf3 Qd7 21. Be3 Kh8 22. Qd2 Rce8 23. Bf2 Bd3 24. h3 Qf7 25. Nh5 Bxf2+ 26. Qxf2 Bg6 27. Ng3 Bd3 28.
a4 bxa4 29. b5 Na7 30. b6 Nc8 31. Rxa4 Nxb6 32. Rxa5 Ra8 33. Rb5 Na4 34. Qd2 Qd7 35. Rb4 Qd6 36. Kg2 Rfb8 37. Rxb8+ Rxb8 38. Kg1 Rb2 39.
Qe3 Nxc3 40. Qxe6 Qxe6 41. Rxe6 Be4 42. Nh5 Kg8 43. Bxe4 Nxe4 44. Re7 Kf8 45. Rc7 c3 46. Ng7 c2 47. Ne6+ Kg8 48. Rg7+ 1-0

[Event "Late-Titled-Tuesday-Blitz-September-05-2023"]
[Site "Chess.com"]
[Date "2023.09.05"]
[Round "9"]
[White "GianmarcoVaR"]
[Black "KNVB"]
[Result "1-0"]
[WhiteElo "2627"]
[BlackElo "2709"]
[TimeControl "180+1"]
[EndTime "15:46:01 PDT"]
[Termination "GianmarcoVaR won by checkmate"]

1. g3 d5 2. Bg2 c6 3. d3 e5 4.
a3 Nf6 5. b4 Bd6 6. Bb2 O-O 7.
c4 Re8 8. Nf3 a5 9. O-O axb4 10.
axb4 Rxa1 11. Bxa1 dxc4 12. dxc4 e4 13. Ng5 Bxb4 14. Qb3 Bf8 15. Rd1 Nbd7 16. e3 Nc5 17.
Rxd8 Nxb3 18. Bxf6 Rxd8 19. Bxd8 f5 20. h4 h6 21. Nh3 g6 22. Nf4 Kf7 23. g4 Bd6 24. h5 g5 25. Ne2 fxg4 26. Nbc3 Nd2 27. Nxe4 Nxc4 28. Nxd6+ Nxd6 29. Bb6 Be6 30. Ng3 Kg8 31. Bc5 Nf5 32. Nxf5 Bxf5 33. Kh2 Be6 34. Kg3 Kf7 35. Bf1 b5 36. Be2 Kf6 37. Bxg4 Bxg4 38. Kxg4 Ke5 39. f4+ gxf4 40. exf4+ Kd5 41. Bf8 c5 42. f5 b4 43. Bxh6 c4 44. Bg7 c3 45. h6 c2 46.
Bb2 Kc4 47. h7 Kb3 48. h8=Q Ka2 49. Bc1 Kb3 50. Qb2+ Kc4 51. f6 b3 52. f7 Kd3 53.
f8=Q Ke2 54. Qf3+ Ke1 55. Qbc3# 1-0

[Event "Late-Titled-Tuesday-Blitz-September-05-2023"]
[Site "Chess.com"]
[Date "2023.09.05"]
[Round "9"]
[White "jcibarra"]
[Black "tptagain"]
[Result "1-0"]
[WhiteElo "2912"]
[BlackElo "2969"]
[TimeControl "180+1"]
[EndTime "15:46:04 PDT"]
[Termination "jcibarra won on time"]

1. e4 c6 2. Nf3 d5 3. d3 g6 4. Qe2 Bg7 5. g3 Nh6 6. Bg2 O-O 7. e5 c5 8. O-O Nc6 9. Bf4 Bg4 10. c3 Nf5 11.
Nbd2 h6 12. h3 Bxf3 13. Nxf3 g5 14. Bc1 e6 15. Rd1 f6 16. exf6 Qxf6 17. Re1 Rae8 18.
Nh2 Kh8 19. Bd2 b5 20. a3 c4 21. dxc4 bxc4 22. Rad1 Na5 23. Ng4 Qg6 24. Ne5 Bxe5 25. Qxe5+ Qg7 26. Qe2 Nb3 27. Be3 a5 28. Bf3 Nxe3 29.
Qxe3 Qf6 30. Bh5 Re7 31. Re2 Rb8 32. Rxd5 exd5 33. Qxe7 Qxe7 34. Rxe7 Nc5 35. Bf7 Rxb2 36. Bxd5 Nd3 37. Bxc4 Nxf2 38. Re2 Nd1 39. Rxb2 Nxb2 40. Bb5 Kg7 41. Kf1 Nd1 42. c4 Kf6 43. Ke2 Nc3+ 44.
Kd3 Nd1 45. Kd4 Nf2 46. Kc5 Nxh3 47. Kb6 Nf2 48. c5 Ne4 49. c6 Nd6 50. c7 Ke7 51. Kc6 h5 52. Be2 h4 53. gxh4 gxh4 54. Bg4 a4 55. Bh3 1-0

[Event "Late-Titled-Tuesday-Blitz-September-05-2023"]
[Site "Chess.com"]
[Date "2023.09.05"]
[Round "9"]
[White "Bilan_Danila"]
[Black "emeli_chess"]
[Result "0-1"]
[WhiteElo "2479"]
[BlackElo "2373"]
[TimeControl "180+1"]
[EndTime "15:46:05 PDT"]
[Termination "emeli_chess won by resignation"]

1. d4 Nf6 2. Nf3 d5 3. c4 e6 4. Nc3 Bb4 5. Qb3 c5 6. a3 Bxc3+ 7. Qxc3 Ne4 8. Qc2 Nc6 9. dxc5 Qa5+ 10.
Bd2 Nxd2 11. Qxd2 Qxc5 12. cxd5 Qxd5 13. Qxd5 exd5 14. e3 Be6 15. Bb5 O-O 16. Rc1 Rfc8 17. Kd2 a6 18. Bxc6 bxc6 19. Rc5 Rab8 20. b4 Rb5 21.
Rhc1 Rxc5 22. Rxc5 f6 23. Kc3 Kf7 24. Nd4 Bd7 25. Ra5 Ra8 26. Nb3 Ke7 27. Nc5 Bc8 28. Kd4 Kd6 29. Na4 Ra7 30. Nc5 Kc7 31. a4 Kb6 32. Nb3 Re7 33. f3 g5 34. Rc5 h5 35.
Nd2 h4 36. Rc1 h3 37. g4 f5 38. gxf5 Bxf5 39. Rg1 Rg7 40. Ke5 Bc2 41. Kf6 Rg6+ 42. Kf7 Rh6 43. Rxg5 Bxa4 44. e4 dxe4 45. Nxe4 Bb3+ 46.
Ke7 Bd5 47. Nd6 Re6+ 48. Kd7 Rf6 49. Nc8+ Kb5 50. Rg3 Rxf3 51. Rxf3 Bxf3 52. Na7+ Kxb4 53. Kd6 a5 0-1

[Event "Late-Titled-Tuesday-Blitz-September-05-2023"]
[Site "Chess.com"]
[Date "2023.09.05"]
[Round "9"]
[White "Athanasios2"]
[Black "santosalberto1987"]
[Result "1-0"]
[WhiteElo "2708"]
[BlackElo "2548"]
[TimeControl "180+1"]
[EndTime "15:46:07 PDT"]
[Termination "Athanasios2 won on time"]

1. Nf3 d5 2. e3 Nf6 3. c4 c6 4. b3 Bf5 5. Bb2 h6 6. Nc3 e6 7. Be2 Nbd7 8. O-O Be7 9. Rc1 O-O 10. d4 Ne4 11. Nxe4 Bxe4 12. Nd2 Bg6 13. Re1 Bd6 14. h3 Qe7 15. Nf1 Ba3 16. Qd2 Bxb2 17. Qxb2 Rfe8 18. Ng3 Nf6 19. b4 a6 20. a4 e5 21. b5 axb5 22. axb5 exd4 23. Qxd4 c5 24.
Qf4 b6 25. cxd5 Nxd5 26. Qg4 Nf6 27. Qf3 Be4 28. Nxe4 Qxe4 29. Qg3 Rad8 30. Qc7 Qe6 31. Bc4 Nd5 32. Qb7 Re7 33. Qa6 Nb4 34. Qa4 Qc8 35. Qb3 Qc7 36. Ra1 Red7 37. Rec1 Kf8 38. Bf1 Qe5 39. Rd1 Rxd1 40. Rxd1 Rxd1 41. Qxd1 Ke7 42. g3 Qd6 43. Qa1 f6 44. Qa7+ Ke6 45.
Qxg7 Qd1 46. Qxh6 Nd5 47. Kg2 Qd2 48. Bc4 Ke7 49. Qh7+ Ke6 50. Qe4+ Kd6 51. h4 1-0

[Event "Late-Titled-Tuesday-Blitz-September-05-2023"]
[Site "Chess.com"]
[Date "2023.09.05"]
[Round "9"]
[White "valemava"]
[Black "Colombiano07"]
[Result "0-1"]
[WhiteElo "2296"]
[BlackElo "2420"]
[TimeControl "180+1"]
[EndTime "15:46:07 PDT"]
[Termination "Colombiano07 won on time"]

1. e4 c6 2. Nc3 d5 3. Qf3 dxe4 4. Nxe4 Nd7 5. Bc4 Ngf6 6. Nxf6+ Nxf6 7. h3 g6 8. Ne2 Bg7 9. d4 O-O 10. O-O Bf5 11. c3 Be4 12. Qe3 Bd5 13. Bb3 Re8 14.
c4 Be4 15. Ng3 Bf5 16. Nxf5 gxf5 17. Rd1 e6 18. Qf3 Ne4 19. Be3 Qh4 20. Qf4 Qxf4 21.
Bxf4 Rad8 22. Be3 f4 23. Bxf4 Rxd4 24. Be3 Rxd1+ 25. Rxd1 Bxb2 26. Rd7 Ba3 27. Bxa7 Bc5 28. Rxb7 Ra8 29. Bxc5 Nxc5 30. Rb6 Rc8 31. Kf1 Kf8 32. Ke2 Ke7 33. Ke3 Kd6 34. Bc2 Ra8 35. Bxh7 Ra3+ 36.
Kf4 Rxa2 37. Kg3 f5 38. Rb8 Ne4+ 39. Kh2 Rxf2 40. Bg8 f4 41. Rf8 Ng5 42. h4 Nf3+ 43. Kh3 Ne1 44. Rf6 Rxg2 45. Rxe6+ Kc5 46. Rxe1 Rxg8 47.
Re4 Rf8 48. Kg2 f3+ 49. Kf2 Rf5 50. Rg4 Kb4 51. Rg3 Rf4 52. h5 Rh4 53. Rg5 Rh3 54. c5 Kb5 55. Rf5 Kc4 0-1

[Event "Late-Titled-Tuesday-Blitz-September-05-2023"]
[Site "Chess.com"]
[Date "2023.09.05"]
[Round "9"]
[White "wild3000"]
[Black "CrushingKings"]
[Result "0-1"]
[WhiteElo "2361"]
[BlackElo "2548"]
[TimeControl "180+1"]
[EndTime "15:46:09 PDT"]
[Termination "CrushingKings won by checkmate"]

1. d4 g6 2. h4 Bg7 3. h5 c5 4. dxc5 Qa5+ 5. c3 Qxc5 6. h6 Bf6 7. e4 d6 8. Nf3 Nc6 9. Be3 Qa5 10. Nbd2 Qc7 11. Be2 Bg4 12. Qb3 e6 13. Rd1 Nge7 14.
Nc4 Rd8 15. Qa3 d5 16. Ncd2 O-O 17. O-O Rfe8 18. Rfe1 a6 19. Qc5 Nc8 20. Bg5 Bxg5 21.
Nxg5 Bxe2 22. Rxe2 Qf4 23. Qe3 Qxe3 24. fxe3 f6 25.
exd5 exd5 26. Ngf3 Nd6 27. Rf1 Nf5 28. Nd4 Ncxd4 29.
cxd4 Ng3 30. Ree1 Nxf1 31. Nxf1 Kf7 32. Nd2 Rc8 33. e4 dxe4 34. Nxe4 Rcd8 35. Kf2 Rxd4 36. Kf3 Rd3+ 37. Kf2 g5 38. g4 Kg6 39. Re2 Rd4 40. Ng3 Rxe2+ 41. Kxe2 Rxg4 42. Kf3 Rxg3+ 43. Kxg3 Kxh6 44.
b4 Kg6 45. Kf3 f5 46. Ke3 Kf6 47. Kd4 g4 48. Kc5 g3 49. Kb6 g2 50. Kxb7 g1=Q 51.
Kxa6 Qd4 52. b5 Ke6 53. b6 Kd7 54. b7 Kc7 55. Kb5 Qb6+ 56. Ka4 Kxb7 57. Ka3 f4 58. Ka4 f3 59. a3 Qb2 60. Ka5 f2 61. a4 Qb6# 0-1

[Event "Late-Titled-Tuesday-Blitz-September-05-2023"]
[Site "Chess.com"]
[Date "2023.09.05"]
[Round "9"]
[White "Russian_berezka"]
[Black "SaqoChess_Twitch"]
[Result "1-0"]
[WhiteElo "2621"]
[BlackElo "2743"]
[TimeControl "180+1"]
[EndTime "15:46:10 PDT"]
[Termination "Russian_berezka won by checkmate"]

1. d4 d5 2. Bf4 Nf6 3. e3 c5 4.
c3 e6 5. Nd2 Nc6 6. Bd3 cxd4 7.
exd4 Bd6 8. Bg3 O-O 9. Ngf3 Rb8 10. Qe2 Qc7 11. O-O Bxg3 12. hxg3 a6 13. Ne5 Nxe5 14. dxe5 Nd7 15. Nf3 h6 16. Rfe1 b5 17. a3 Bb7 18. Nd4 Nc5 19. f4 Nxd3 20. Qxd3 Qc4 21.
Qxc4 bxc4 22. Rad1 a5 23. Rd2 Bc8 24. Kh2 h5 25.
Kh3 g6 26. g4 hxg4+ 27. Kxg4 Kg7 28. g3 Rh8 29. Ree2 Bd7 30. Rh2 Ba4 31. Kf3 Bd1+ 32.
Ke3 Bg4 33. Nc6 Rxh2 34. Rxh2 Ra8 35. Kd4 Bd1 36. Ke3 Ba4 37. Nd4 Rb8 38. g4 Rb6 39. g5 Rb8 40. Nf3 Rc8 41. Kd4 Rc7 42. Rg2 Kf8 43. Nh2 Ke7 44. Ng4 Kd7 45. Nf6+ Kc6 46. Ne8 Rb7 47. Nd6 Rc7 48. Rh2 Rd7 49. Rh8 Bc2 50. Rc8+ Kb6 51. Rf8 Bf5 52. Nxf7 Kb5 53.
Nd6+ Ka4 54. Rb8 Rh7 55. Rb6 Rh4 56. Nc8 Rxf4+ 57. Kc5 Re4 58. Rb5 d4 59. Nb6# 1-0

[Event "Late-Titled-Tuesday-Blitz-September-05-2023"]
[Site "Chess.com"]
[Date "2023.09.05"]
[Round "9"]
[White "ninguno46"]
[Black "Grossboss19"]
[Result "0-1"]
[WhiteElo "2592"]
[BlackElo "2506"]
[TimeControl "180+1"]
[EndTime "15:46:10 PDT"]
[Termination "Grossboss19 won by resignation"]

1. c4 c6 2. g3 Nf6 3. Bg2 d5 4. Nf3 g6 5. b3 Bg7 6. Bb2 O-O 7. O-O Re8 8. d3 Nbd7 9. Nbd2 e5 10. cxd5 cxd5 11.
Qc2 b6 12. e4 Bb7 13. Rac1 Rc8 14. Qb1 d4 15. Nc4 Bf8 16. Bh3 Rc7 17. a4 a6 18.
Rfe1 b5 19. Ncd2 Nc5 20. axb5 axb5 21. Bf1 Bh6 22. Rc2 Na6 23. Ba3 Re6 24. Rxc7 Qxc7 25. Rc1 Rc6 26. Rxc6 Bxc6 27. Qc2 Nd7 28. Bh3 f6 29.
Qa2 b4 30. Bb2 Nac5 31. Bf1 Bf8 32. Nc4 Kg7 33. Bc1 Qb8 34. Bd2 Ne6 35. Qa6 Qb7 36. Qa5 Qb5 37. Qa7 Qb7 38. Qa5 Nb8 39. Nh4 Bc5 40.
Bh3 f5 41. exf5 gxf5 42. Nxf5+ Kf6 43. Nfd6 Bxd6 44. Nxd6 Qa8 45. Qxb4 Qa1+ 46. Be1 Na6 47. Qd2 Nac5 48. Qh6+ Ke7 49. Nf5+ Kd7 50. Qd2 Nxd3 51. Ng7 Nxe1 52. Bxe6+ Kc7 53. Qa5+ Qxa5 0-1

[Event "Late-Titled-Tuesday-Blitz-September-05-2023"]
[Site "Chess.com"]
[Date "2023.09.05"]
[Round "9"]
[White "Dewarfd"]
[Black "FeketeBarika"]
[Result "0-1"]
[WhiteElo "2203"]
[BlackElo "2401"]
[TimeControl "180+1"]
[EndTime "15:46:10 PDT"]
[Termination "FeketeBarika won on time"]

1. d4 e6 2. e3 Nf6 3. Nf3 c5 4.
dxc5 Bxc5 5. a3 a5 6. c4 O-O 7. Nc3 b6 8. Be2 Bb7 9. O-O d5 10. b3 dxc4 11. Bxc4 Qxd1 12. Rxd1 Bxf3 13. gxf3 Nc6 14. f4 Rfd8 15. Bb2 Kf8 16. Kg2 Ke7 17. Kf3 h5 18. Ke2 Ng4 19. h3 Nf6 20. Bb5 Na7 21. Bc4 Rab8 22. a4 Nc6 23. Nb5 Nb4 24. Bc3 g6 25. Na7 Rxd1 26. Rxd1 Rb7 27. Bxb4 Rxa7 28. Bxc5+ bxc5 29. Kf3 Rd7 30. Rc1 Rd2 31. Bb5 Nd5 32.
Rxc5 f5 33. Bc4 Nc3 34. Re5 Ne4 35. Rxe6+ Kd7 36. Rxe4 fxe4+ 37. Kg3 Ke7 38. Bb5 Rd6 39. Bc4 Kf6 40. Kh4 Rd2 41. Kg3 h4+ 42. Kxh4 Rxf2 43. Bd5 Kf5 44. Kg3 Rf3+ 45. Kg2 Rxe3 46. Bc6 Re1 47.
Kf2 Rc1 48. Ke3 Rxc6 49. Kd4 Rd6+ 50. Kc5 Rd3 51. Kc4 Rxh3 52. b4 Kxf4 53. bxa5 e3 54.
Kd3 Kf3 55. a6 Rh8 0-1

[Event "Late-Titled-Tuesday-Blitz-September-05-2023"]
[Site "Chess.com"]
[Date "2023.09.05"]
[Round "9"]
[White "frederiksvane"]
[Black "temus_galaktionov"]
[Result "0-1"]
[WhiteElo "2930"]
[BlackElo "2841"]
[TimeControl "180+1"]
[EndTime "15:46:11 PDT"]
[Termination "temus_galaktionov won on time"]

1. c4 c6 2. Nf3 g6 3. e4 d6 4. d4 Bg7 5. Nc3 Nd7 6. Be2 e5 7.
O-O Ngf6 8. h3 O-O 9. Be3 Qe7 10. d5 c5 11. Rb1 Ne8 12. b4 b6 13. Qa4 cxb4 14.
Rxb4 Nc5 15. Qc2 f5 16. Bg5 Nf6 17. exf5 Bxf5 18. Qd1 Qd7 19. Be3 Rac8 20. a4 Nfe4 21. Nxe4 Bxe4 22. Nd2 Bf5 23. Bg4 e4 24. Rb5 Nd3 25.
Nxe4 Nb2 26. Rxb2 Bxb2 27. Bd4 Bxd4 28. Qxd4 Qg7 29. Qxg7+ Kxg7 30. Nxd6 Rcd8 31. Bxf5 gxf5 32. Nb5 Rd7 33. Nd4 Kf6 34. Rb1 Re8 35. a5 bxa5 36. Nc6 a4 37. Ra1 Re4 38. Na5 Rd4 39. Kf1 h5 40. g3 h4 41. gxh4 Rxh4 42. Kg2 Rg7+ 43. Kf1 Rd7 44. Kg2 Rg7+ 45. Kf1 Rxh3 46. Rxa4 f4 47. Ke2 Re7+ 48. Kd1 Rh2 49. Nc6 Rg7 50.
Ra2 f3 51. Nd4 Rh3 52. Kd2 Re7 53. Kd3 Rh1 0-1

[Event "Late-Titled-Tuesday-Blitz-September-05-2023"]
[Site "Chess.com"]
[Date "2023.09.05"]
[Round "9"]
[White "Aradhya2000"]
[Black "SCIM"]
[Result "0-1"]
[WhiteElo "2705"]
[BlackElo "2598"]
[TimeControl "180+1"]
[EndTime "15:46:11 PDT"]
[Termination "SCIM won by resignation"]

1. d4 d5 2. c4 e6 3. Nc3 a6 4. cxd5 exd5 5. Bf4 Nf6 6. e3 Bd6 7. Bg5 c6 8. Bd3 Be6 9. f4 h6 10.
Bh4 g5 11. fxg5 hxg5 12. Bxg5 Nbd7 13. Nf3 Qc7 14. h3 O-O-O 15. Qd2 Bg3+ 16. Kd1 Rdg8 17. Rf1 Kb8 18. Ne2 Bd6 19. Qc2 Ne4 20. Bxe4 dxe4 21. Qxe4 Bd5 22. Qf5 Be6 23. Qd3 Qb6 24. Kc1 Ka8 25. Bf4 c5 26. Rf2 cxd4 27. Nfxd4 Rc8+ 28. Nc3 Nc5 29. Qc2 Bc4 30. Rd2 Bxf4 31. exf4 Rhd8 32. Nf3 Nd3+ 33. Kb1 Qe3 34. b3 Be6 35. Re2 Qxf4 36. a3 Bf5 37. Qd2 Nc1+ 38. Kb2 Rxd2+ 39. Rxd2 Nd3+ 40.
Ka2 Rxc3 41. Rad1 Qc7 42. Nd4 Bg6 43. h4 Qc5 44. h5 Qxd4 45. hxg6 fxg6 46. Re2 a5 47.
Red2 Ka7 48. a4 Qb4 49. Rb1 Nc5 50. Rdb2 Nxa4 51. Rf2 Nc5 52. Rfb2 a4 0-1

[Event "Late-Titled-Tuesday-Blitz-September-05-2023"]
[Site "Chess.com"]
[Date "2023.09.05"]
[Round "9"]
[White "miraitrunks"]
[Black "BeautiFullMindChess"]
[Result "1-0"]
[WhiteElo "2120"]
[BlackElo "2344"]
[TimeControl "180+1"]
[EndTime "15:46:11 PDT"]
[Termination "miraitrunks won on time"]

1. e4 c5 2. Nc3 Nc6 3. Nge2 Nf6 4. d4 cxd4 5. Nxd4 d6 6. Nxc6 bxc6 7. Be3 e5 8. Be2 Be7 9. O-O O-O 10. h3 Be6 11.
Qd2 a5 12. f4 exf4 13. Bxf4 Qb8 14. b3 Nd7 15. Rad1 Ne5 16. Na4 Qa7+ 17. Be3 Qb7 18. Nb6 Rab8 19. Na4 Qb4 20. Bd4 Qxd2 21. Rxd2 f5 22.
exf5 Bxf5 23. Bc3 Bg5 24. Rxd6 Rbe8 25. g4 Be3+ 26. Kh2 Bxc2 27. Rxf8+ Kxf8 28. Kg3 Be4 29. Bxa5 Ng6 30. Rd7 Bd5 31. Bb4+ Kg8 32. Bc4 Bf4+ 33. Kf2 Bxc4 34. bxc4 Bg5 35. Bc3 Bh4+ 36. Kf3 Ne5+ 37. Bxe5 Rxe5 38. Nc3 h6 39. Ne4 Ra5 40. Rd6 Ra3+ 41.
Kf4 Rxa2 42. Rxc6 Ra3 43. Rc8+ Kh7 44. c5 Rxh3 45. c6 Be7 46. c7 Rd3 47. Re8 Bb4 48. c8=Q 1-0

[Event "Late-Titled-Tuesday-Blitz-September-05-2023"]
[Site "Chess.com"]
[Date "2023.09.05"]
[Round "9"]
[White "vanyakuba"]
[Black "2k28Lakers"]
[Result "0-1"]
[WhiteElo "2413"]
[BlackElo "2538"]
[TimeControl "180+1"]
[EndTime "15:46:12 PDT"]
[Termination "2k28Lakers won on time"]

1. e4 e5 2. Nf3 Nc6 3. Bb5 a6 4. Ba4 Nf6 5. d3 d6 6. c3 g6 7. Nbd2 Bg7 8. h3 O-O 9. O-O Nd7 10. b4 h6 11. Bb3 Ne7 12. a4 Kh8 13. Nc4 f5 14. exf5 Nxf5 15. Ne3 c6 16. Nxf5 gxf5 17. d4 e4 18. Ne1 d5 19. Bf4 Rg8 20. Qh5 Nf6 21.
Qf7 Bd7 22. Nc2 Rf8 23. Qg6 Be8 24. Qg3 Nh5 25. Qh2 Nxf4 26. Qxf4 Qg5 27. Qc7 Rf7 28. Qg3 f4 29. Qxg5 hxg5 30. b5 Rc8 31. Nb4 a5 32. Nc2 Rf6 33. Na3 Rh6 34. Rfd1 Bd7 35. c4 g4 36.
cxd5 cxd5 37. Bxd5 gxh3 38. Bxe4 hxg2 39. Bxg2 Rf8 40.
f3 Bf5 41. Nc4 Rc8 42. Ne5 Kh7 43. Rd2 Rc3 44. Re1 Ra3 45. Ng4 Rd6 46. d5 Rd3 47. Rxd3 Bxd3 48. Ne5 Bf5 49. Ng4 Rxd5 50. Re7 Kg6 51.
Rxb7 Rd2 52. Nf2 Bd4 53. Kh2 Bxf2 54. Rb6+ Bxb6 0-1

[Event "Late-Titled-Tuesday-Blitz-September-05-2023"]
[Site "Chess.com"]
[Date "2023.09.05"]
[Round "9"]
[White "Chessdreamer2020"]
[Black "DeTimmerman"]
[Result "0-1"]
[WhiteElo "2519"]
[BlackElo "2682"]
[TimeControl "180+1"]
[EndTime "15:46:16 PDT"]
[Termination "DeTimmerman won by checkmate"]

1. e4 e5 2. Nf3 Nc6 3. Bb5 f5 4.
Qe2 fxe4 5. Qxe4 Nf6 6. Qe2 e4 7. Nc3 Qe7 8. Ng5 d5 9. d3 h6 10.
Nh3 Bg4 11. Qe3 O-O-O 12. Bxc6 bxc6 13. d4 c5 14. Nf4 cxd4 15. Qxd4 Qc5 16. Be3 Qxd4 17.
Bxd4 c6 18. Bxa7 Bd6 19. Ng6 Rhe8 20. Bd4 Bf5 21. Nh4 Bh7 22. g3 Be5 23. Bxe5 Rxe5 24.
O-O-O g5 25. Ng2 d4 26. Na4 Kc7 27. h4 Ng4 28. Rdf1 Bg8 29. hxg5 hxg5 30. b3 Bd5 31. Rh7+ Rd7 32. Rxd7+ Kxd7 33. Ne1 Rf5 34. Kd1 Ne3+ 35. fxe3 Rxf1 36. exd4 Rg1 37. c4 Bf7 38. Nc5+ Ke7 39. Nxe4 g4 40. Nf2 Rxg3 41. Ke2 Be6 42. Ne4 Rh3 43.
Ng2 Bf5 44. Nf2 Rh2 45. Kf1 g3 46. Nd1 Rh1+ 47. Ke2 Bg4+ 48. Ke3 Bxd1 49. d5 cxd5 50. cxd5 Rf1 51. b4 Rf2 52. Nf4 Rxf4 53. Kxf4 g2 54. b5 g1=Q 55. d6+ Kxd6 56. b6 Qxb6 57. a4 Qd4+ 58.
Kg3 Qg4+ 59. Kf2 Qf3+ 60. Kg1 Be2 61. a5 Qg3+ 62. Kh1 Bf3# 0-1

[Event "Late-Titled-Tuesday-Blitz-September-05-2023"]
[Site "Chess.com"]
[Date "2023.09.05"]
[Round "9"]
[White "Willychess95"]
[Black "szachuspl"]
[Result "1-0"]
[WhiteElo "2703"]
[BlackElo "2547"]
[TimeControl "180+1"]
[EndTime "15:46:18 PDT"]
[Termination "Willychess95 won by resignation"]

1. e4 g6 2. d4 Bg7 3. c4 d6 4. Nc3 Nc6 5. Be3 e5 6. d5 Nd4 7. Nge2 Nxe2 8. Bxe2 Nf6 9. f3 O-O 10. g4 h5 11. h3 Nh7 12. Qd2 h4 13. O-O-O Bf6 14. c5 a6 15. Kb1 Bg5 16. cxd6 cxd6 17. Rc1 Bd7 18. Rc2 Rc8 19. Rhc1 Bxe3 20. Qxe3 Ng5 21. Bf1 Kg7 22. b3 f6 23. Kb2 Qa5 24.
Nb1 Rxc2+ 25. Rxc2 Rc8 26. Rxc8 Bxc8 27. Na3 b5 28.
Nc2 Kh6 29. b4 Qc7 30. a3 Bd7 31. Na1 a5 32. Nb3 axb4 33. axb4 f5 34. Qf2 Nf7 35. Qxh4+ Kg7 36. Qf2 fxe4 37. fxe4 Ng5 38. Qe3 Qd8 39. Nc1 Qf6 40. Be2 Be8 41. h4 Nf7 42. g5 Qd8 43.
Na2 Qc8 44. Nc3 Qb7 45. Qf2 Qe7 46. Kc2 Kg8 47. Kd2 Nd8 48. Qf6 Qxf6 49. gxf6 Kf7 50.
Bxb5 Bxb5 51. Nxb5 Nb7 52. Ke3 Kxf6 53. Kf3 g5 54. h5 Kg7 55. Kg4 Kh6 56. Na7 Nd8 57. Nc8 Nb7 58. Ne7 Kg7 59. Nf5+ Kf6 60. h6 Kg6 61. h7 Kxh7 62. Kxg5 Kg8 63. Kf6 Kf8 64.
Ke6 Nd8+ 65. Kxd6 Nf7+ 66. Kd7 Ng5 67. Nd6 1-0

[Event "Late-Titled-Tuesday-Blitz-September-05-2023"]
[Site "Chess.com"]
[Date "2023.09.05"]
[Round "9"]
[White "Fengwi"]
[Black "Tomytoteph"]
[Result "1-0"]
[WhiteElo "2426"]
[BlackElo "2566"]
[TimeControl "180+1"]
[EndTime "15:46:18 PDT"]
[Termination "Fengwi won by resignation"]

1. Nf3 Nf6 2. b3 g6 3. Bb2 Bg7 4. g3 O-O 5. Bg2 d5 6. c4 dxc4 7. bxc4 c5 8. O-O Nc6 9. d3 Qc7 10. Nc3 Rd8 11. a4 a6 12. Qb3 Rb8 13. Nd5 Nxd5 14.
Bxg7 Kxg7 15. cxd5 Ne5 16. Qc3 f6 17. Nxe5 Qxe5 18.
Qxe5 fxe5 19. Rfc1 b6 20. a5 Bg4 21. e3 Rd6 22. h3 Bf5 23. axb6 Rdxb6 24. Rxc5 Rb1+ 25. Rxb1 Rxb1+ 26. Kh2 Bxd3 27. Rc7 Kf6 28. Rc6+ Kf7 29. Rc7 Rb6 30. Ra7 Bb5 31. f4 exf4 32. gxf4 Bc4 33.
e4 Kf8 34. e5 Rb2 35. Kg3 h6 36. Be4 Rd2 37. Rd7 Bb5 38. Ra7 Rd4 39. Kf3 Rd1 40. Ke3 Re1+ 41. Kd4 Rf1 42. Bxg6 Rxf4+ 43. Kc5 Rc4+ 44. Kb6 Rc8 45. Bf5 Rc1 46. Be6 Re1 47. Ra8+ Kg7 48. Rg8+ Kh7 49. Rf8 Rxe5 50. Rf7+ Kg6 51.
Rxe7 Bc4 52. Bf7+ Kf6 53. Rxe5 Kxe5 54. d6 Bb5 55. Kc7 Kf6 56. Bc4 Ba4 57. Bxa6 Kf7 58. Bb7 Ke8 59. Bc6+ Bxc6 60. Kxc6 Kd8 61. h4 h5 62. d7 1-0

[Event "Late-Titled-Tuesday-Blitz-September-05-2023"]
[Site "Chess.com"]
[Date "2023.09.05"]
[Round "9"]
[White "GM_dmitrij"]
[Black "sergoy"]
[Result "1-0"]
[WhiteElo "3045"]
[BlackElo "2914"]
[TimeControl "180+1"]
[EndTime "15:46:19 PDT"]
[Termination "GM_dmitrij won by resignation"]

1. e4 c5 2. Nf3 d6 3. d4 cxd4 4. Nxd4 Nf6 5. Nc3 a6 6. f4 Qc7 7. f5 e5 8. fxe6 fxe6 9. Bg5 Be7 10. Qd2 Nc6 11. O-O-O Ne5 12. Nf3 O-O 13. Nxe5 dxe5 14.
Kb1 b5 15. Bd3 Bb7 16. Qe3 Ng4 17. Qh3 Nf2 18. Qxe6+ Rf7 19. Rdf1 Bc5 20. Nd5 Qd7 21. Qxd7 Rxd7 22. b4 Ba7 23. Ne7+ Kh8 24. Nf5 Rc8 25. Rxf2 Bxf2 26. Rf1 Bb6 27. Kb2 h6 28. Be3 Bxe3 29. Nxe3 Kg8 30. a3 Rf7 31. Nf5 Rcf8 32. Re1 Bc8 33.
c4 Kh7 34. cxb5 axb5 35. Bxb5 g6 36. Nd6 Rf2+ 37. Kb3 Be6+ 38. Bc4 Bxc4+ 39. Nxc4 Rxg2 40. b5 Rxh2 41. a4 h5 42. b6 h4 43. a5 h3 44. a6 Rhf2 45. Rh1 R2f3+ 46. Kb4 g5 47. b7 R3f7 48. Nd6 Rd7 49. Rxh3+ Kg6 50. Rd3 Rfd8 51. Kc5 g4 52. a7 Rxb7 53. Nxb7 Ra8 54. Kb6 Kg5 55. Nc5 Kf4 56. Kb7 Rf8 57. a8=Q Rxa8 58.
Kxa8 g3 59. Kb7 g2 60. Rd1 Ke3 61. Rg1 Kf2 62. Rxg2+ Kxg2 63. Kc6 Kf3 64. Kd5 Kf4 65. Nd7 1-0

[Event "Late-Titled-Tuesday-Blitz-September-05-2023"]
[Site "Chess.com"]
[Date "2023.09.05"]
[Round "9"]
[White "Nekoo04"]
[Black "Nikachu"]
[Result "1-0"]
[WhiteElo "2294"]
[BlackElo "2171"]
[TimeControl "180+1"]
[EndTime "15:46:20 PDT"]
[Termination "Nekoo04 won by resignation"]

1. e4 c5 2. b3 d6 3. Bb2 Nf6 4. Nc3 e6 5. Nf3 Be7 6. Bb5+ Nbd7 7. d4 cxd4 8. Qxd4 a6 9. Bxd7+ Bxd7 10. O-O-O Qc7 11.
Rhe1 Rc8 12. e5 dxe5 13. Nxe5 Bc6 14. Nxc6 Qxc6 15. f3 b5 16. Rd2 O-O 17. Red1 Rfd8 18. Qe5 Rxd2 19. Rxd2 h6 20. Ne4 a5 21. Qg3 Kf8 22.
Nxf6 Bxf6 23. Bxf6 gxf6 24. Qd6+ Kg7 25. Qxc6 Rxc6 26.
c4 bxc4 27. Rc2 c3 28. Kd1 f5 29. Ke2 a4 30. b4 a3 31. Kd3 Rb6 32. Kxc3 Rd6 33.
Kb3 Rd3+ 34. Ka4 Kf6 35. b5 e5 36. b6 e4 37. fxe4 fxe4 38. b7 Rd4+ 39. Ka5 Rd5+ 40.
Ka6 Rd6+ 41. Ka5 Rd5+ 42. Ka6 Rd6+ 43. Ka7 Rd7 44. Kb6 Rd1 45. Rc5 Rd8 46. Rc8 Rd6+ 47. Kc5 Rd1 48. b8=Q Rc1+ 49. Kd4 Kf5 50. Ke3 Re1+ 51.
Kd2 Rf1 52. Qb5+ Kg4 53. Qxf1 1-0